 Dungeon Crawl Stone Soup version 0.31-a0-1074-g0b22e4e0f1 (webtiles) character file.

Game seed: 15617239598367767395

2 MachoJfn the Stinger (level 1, -1/15 HPs)
             Began as a Djinni Ice Elementalist on Nov 27, 2023.
             Slain by a gnoll
             ... wielding a +0 club
              (4 damage)
             ... on level 1 of the Dungeon.
             The game lasted 00:00:27 (247 turns).

MachoJfn the Stinger (Djinni Ice Elementalist)       Turns: 247, Time: 00:00:28

Health: -1/15      AC:  2    Str:  7    XL:     1   Next: 44%
Gold:   53         EV: 12    Int: 16    God:
                   SH:  0    Dex: 13

rFire   + + .        (no weapon)
rCold   x . .        (no shield)
rNeg    . . .        a - +0 robe
rPois   ∞            (no helmet)
rElec   .            (no cloak)
rCorr   .            (no gloves)
SInv    .            (boots unavailable)
Will    .....        (no amulet)
Stlth   ++           (no ring)
HPRegen 0.22/turn    (no ring)
MPRegen 0.00/turn

%: infuse magic (-2 HP)
@: flying
A: sickness immunity, fire resistance 2, cold vulnerability 1, float, innate
caster, HP casting, extra vitality 1
a: no special abilities


You were on level 1 of the Dungeon.
You visited 1 branch of the dungeon, and saw 1 of its levels.

You collected 53 gold pieces.

Inventory:

Missiles
 b - 5 stones
Armour
 a - a +0 robe (worn)


   Skills:
 + Level 2.1 Dodging
 + Level 1.5 Stealth
 * Level 3.4 Spellcasting
 * Level 3.4 Conjurations
 * Level 3.4 Hexes
 * Level 3.4 Summonings
 * Level 3.4 Necromancy
 * Level 3.4 Translocations
 * Level 3.4 Transmutations
 * Level 3.4 Fire Magic
 * Level 3.4 Ice Magic
 * Level 3.4 Air Magic
 * Level 3.4 Earth Magic
 * Level 3.4 Poison Magic


You knew the following spells:

 Your Spells              Type           Power      Damage    Failure   Level
a - Freeze                Ice            52%        1d6       4%          1
b - Frozen Ramparts       Ice            26%        1d4       13%         3
c - Ozocubu's Armour      Ice            13%        N/A       13%         3
d - Summon Ice Beast      Ice/Summ       13%        N/A       41%         4
Your spell library was empty.

Dungeon Overview and Level Annotations

Branches:
Dungeon (1/15)

Altars:


Innate Abilities, Weirdness & Mutations

You are immune to sickness and miasma.
You are immune to poison.
Your flesh is very heat resistant. (rF++)
You are vulnerable to cold. (rC-)
You float through the air rather than walking.
You learn spells naturally, not from books.
Your magical power is your life essence.
You have superior vitality. (+4 MHP)


Message History

Press: ? - help, Shift-Dir - straight line, f/p - endoplasm
Aim: an endoplasm (moderately wounded)
You freeze the endoplasm!
You kill the endoplasm!
Unknown command.
Found 5 stones.
Found a ring mail.
Found an escape hatch in the floor.
There is an escape hatch in the floor here.
You see here a +0 ring mail.
You now have 40 gold pieces (gained 17).
You now have 53 gold pieces (gained 13).
You reach down and open the door.
Found a stone staircase leading down.
You see here 5 stones.
b - 5 stones You reach down and open the door.
A gnoll comes into view. It is wielding a +0 club.
The gnoll shouts!
The gnoll hits you with a +0 club.
There is an open door here.
Casting: Freeze (safe; 4% risk of failure)
Confirm with . or Enter, or press ? or * to list all spells.
Aiming: Freeze (safe; 4% risk of failure)
Press: ? - help, Shift-Dir - straight line, f - gnoll
Aim: a gnoll, wielding a +0 club You freeze the gnoll.
The gnoll is lightly wounded.
The gnoll hits you with a +0 club.
* * * LOW HITPOINT WARNING * * *
Casting: Freeze (safe; 4% risk of failure)
Confirm with . or Enter, or press ? or * to list all spells.
Aiming: Freeze (safe; 4% risk of failure)
Press: ? - help, Shift-Dir - straight line, f/p - gnoll
Aim: a gnoll, wielding a +0 club (lightly wounded)
You freeze the gnoll.
The gnoll is moderately wounded.
* * * LOW HITPOINT WARNING * * *
The gnoll hits you with a +0 club.
You die...

#>. .## #.# ..#
####'########.####
#..........##....####
#......[............+
#...................#
#...........>.......+
#.........[.........#
####@######..########
#g# ##.## #.# #...###
#.# ###...##### #.#
###...##. #.# ##...#.
#.# ###...##. #..
###.[.####. #...###
#.


You could see a gnoll.

Vanquished Creatures
  An endoplasm (D:1)
  A quokka (D:1)
2 creatures vanquished.

Notes
Turn   | Place    | Note
-------+----------+-------------------------------------------
     0 | D:1      | MachoJfn the Djinni Ice Elementalist began the quest for
                  | the Orb.
     0 | D:1      | MachoJfn set off with the following spells memorised:
                  | Freeze, Frozen Ramparts, Ozocubu's Armour, Summon Ice
                  | Beast.
     0 | D:1      | Reached XP level 1. HP: 15/15 MP: 0/0
   247 | D:1      | Slain by a gnoll

Illustrated notes

Levels and vault maps discovered:
D:1:      tarquinn_simple_flora_water_a, layout_basic,
          hellmonk_ecumenical_altar_slurped_away, serial_curves, eino_curves_04,
          eino_curves_03, eino_curves_04, eino_curves_01

Action                     || total
---------------------------++-------
   Cast: Freeze            ||     5
 Armour: Robe              ||     3
  Dodge: Dodged            ||     1

Table legend: (Time is in decaauts)
 A = Elapsed time spent in this place.
 B = Non-inter-level travel time spent in this place.
 C = Inter-level travel time spent in this place.
 D = Time resting spent in this place.
 E = Time spent auto-exploring this place.
 F = Levels seen in this place.
 G = Mean time per level.
                   A        B        C        D        E       F      G
               +--------+--------+--------+--------+--------+-----+--------+
         Total |    247 |    242 |      5 |      0 |    218 |   1 |  247.0 |
       Dungeon |    247 |    242 |      5 |      0 |    218 |   1 |  247.0 |
               +--------+--------+--------+--------+--------+-----+--------+

Top non-repeatable levels by time:
     D:1: 247 daAuts
